TOP OF THE 1ST |
Pensacola Pilots batting - Pitching for Kenosha Kingfish : RHP Doug Scott
|
Pitching: RHP Doug Scott
|
|
Batting: RHB Leopoldo Horgan
|
0-0: Foul Ball, location: 2F 0-1: Ball 1-1: Foul Ball, location: 2F 1-2: Ball 2-2: Foul Ball, location: 2F 2-2: SINGLE (Line Drive, 6D)
|
Batting: LHB Ricardo García
|
0-0: Swinging Strike 0-1: Called Strike 0-2: Ball 1-2: Ball 2-2: Ball 3-2: Strikes out swinging
|
Batting: LHB Weston Chaney
|
0-0: SINGLE (Line Drive, 8LS) Leopoldo Horgan to second
|
Batting: LHB Armando Domínguez
|
0-0: Called Strike 0-1: Called Strike 0-2: Ball 1-2: Foul Ball, location: 2F 1-2: 3-RUN HOME RUN (Flyball, 89XD), Distance : 436 ft
|
Batting: RHB Roberto Gómez
|
0-0: Foul Ball, location: 2F 0-1: Foul Ball, location: 2F 0-2: Ball 1-2: Foul Ball, location: 2F 1-2: Foul Ball, location: 2F 1-2: Ball 2-2: Ball 3-2: Fly out, F8 (Flyball, 8LM)
|
Batting: LHB Pedro Ramos
|
0-0: Fly out, F7 (Flyball, 7)
|
Top of the 1st over - 3 run(s), 3 hit(s), 0 error(s), 0 left on base; Pensacola 3 - Kenosha 0 |
BOTTOM OF THE 1ST |
Kenosha Kingfish batting - Pitching for Pensacola Pilots : LHP Mario Galván
|
Pitching: LHP Mario Galván
|
|
Batting: RHB Bob Lee
|
0-0: SINGLE (Line Drive, 89S)
|
Batting: RHB Eugene Williams
|
0-0: Ball 1-0: Grounds into double play, 5-4-3 (Groundball, 56)
|
Batting: RHB Manuel Gómez
|
0-0: Called Strike 0-1: Ball 1-1: Ball 2-1: Foul Ball, location: 2F 2-2: Ground out 6-3 (Groundball, 6)
|
Bottom of the 1st over - 0 run(s), 1 hit(s), 0 error(s), 0 left on base; Pensacola 3 - Kenosha 0 |
TOP OF THE 2ND |
Pensacola Pilots batting - Pitching for Kenosha Kingfish : RHP Doug Scott
|
Batting: LHB Nick Gamble
|
0-0: SINGLE (Groundball, 4MD)
|
Batting: RHB Ángel López
|
0-0: Ball 1-0: Foul Ball, location: 2F 1-1: Foul Ball, location: 2F 1-2: Grounds into double play, 6-4-3 (Groundball, 6)
|
Batting: RHB Jesús García
|
0-0: Ground out 4-3 (Groundball, 4)
|
Top of the 2nd over - 0 run(s), 1 hit(s), 0 error(s), 0 left on base; Pensacola 3 - Kenosha 0 |
BOTTOM OF THE 2ND |
Kenosha Kingfish batting - Pitching for Pensacola Pilots : LHP Mario Galván
|
Batting: LHB Jon Quinn
|
0-0: Called Strike 0-1: Called Strike 0-2: Ball 1-2: SOLO HOME RUN (Flyball, 9LD), Distance : 338 ft
|
Batting: SHB Devin Smith
|
0-0: Called Strike 0-1: Foul Ball, location: 2F 0-2: Ball 1-2: Ball 2-2: Ground out 5-3 (Groundball, 56)
|
Batting: RHB David Barker
|
0-0: Called Strike 0-1: Ball 1-1: Ball 2-1: Fly out, F9 (Flyball, 9)
|
Batting: SHB Júlio Valentín
|
0-0: Fly out, F8 (Line Drive, 8RS)
|
Bottom of the 2nd over - 1 run(s), 1 hit(s), 0 error(s), 0 left on base; Pensacola 3 - Kenosha 1 |
TOP OF THE 3RD |
Pensacola Pilots batting - Pitching for Kenosha Kingfish : RHP Doug Scott
|
Batting: RHB Leopoldo Horgan
|
0-0: Called Strike 0-1: Foul Ball, location: 2F 0-2: Ball 1-2: Strikes out swinging
|
Batting: LHB Ricardo García
|
0-0: DOUBLE (Line Drive, 89D)
|
Batting: LHB Weston Chaney
|
0-0: Called Strike 0-1: Called Strike 0-2: Foul Ball, location: 2F 0-2: Single, Error in OF, E8, batter to second base Ricardo García scores
|
Batting: LHB Armando Domínguez
|
0-0: Ground out 6-3 (Groundball, 56)
|
Batting: RHB Roberto Gómez
|
0-0: Ball 1-0: Foul Ball, location: 2F 1-1: Foul Ball, location: 2F 1-2: Ball 2-2: SINGLE (Line Drive, 8LS) Weston Chaney to third Runner from 3rd tries for Home, SAFE, no throw
|
Batting: LHB Pedro Ramos
|
0-0: Ball Roberto Gómez is caught stealing 2nd base
|
Top of the 3rd over - 2 run(s), 3 hit(s), 1 error(s), 0 left on base; Pensacola 5 - Kenosha 1 |
BOTTOM OF THE 3RD |
Kenosha Kingfish batting - Pitching for Pensacola Pilots : LHP Mario Galván
|
Batting: LHB Dusty Wilson
|
0-0: Swinging Strike 0-1: Ground out U3 (Groundball, 34)
|
Batting: RHB Tommy Davenport
|
0-0: Foul Ball, location: 2F 0-1: Ball 1-1: SINGLE (Line Drive, 34D)
|
Batting: RHB Bob Lee
|
0-0: Called Strike 0-1: Called Strike 0-2: Ball 1-2: Ball 2-2: Ball 3-2: Strikes out swinging
|
Batting: RHB Eugene Williams
|
0-0: Fly out, F8 (Flyball, 8LM)
|
Bottom of the 3rd over - 0 run(s), 1 hit(s), 0 error(s), 1 left on base; Pensacola 5 - Kenosha 1 |
TOP OF THE 4TH |
Pensacola Pilots batting - Pitching for Kenosha Kingfish : RHP Doug Scott
|
Batting: LHB Pedro Ramos
|
0-0: Ball 1-0: Ground out 4-3 (Groundball, 34)
|
Batting: LHB Nick Gamble
|
0-0: Ball 1-0: Foul Ball, location: 2F 1-1: Swinging Strike 1-2: Strikes out swinging
|
Batting: RHB Ángel López
|
0-0: Ball 1-0: Swinging Strike 1-1: Foul Ball, location: 2F 1-2: Foul Ball, location: 2F 1-2: Strikes out swinging
|
Top of the 4th over - 0 run(s), 0 hit(s), 0 error(s), 0 left on base; Pensacola 5 - Kenosha 1 |
BOTTOM OF THE 4TH |
Kenosha Kingfish batting - Pitching for Pensacola Pilots : LHP Mario Galván
|
Batting: RHB Manuel Gómez
|
0-0: Ball 1-0: Ball 2-0: Called Strike 2-1: Ground out 6-3 (Groundball, 6)
|
Batting: LHB Jon Quinn
|
0-0: Called Strike 0-1: Ball 1-1: Called Strike 1-2: Strikes out swinging
|
Batting: SHB Devin Smith
|
0-0: Swinging Strike 0-1: Ball 1-1: Ball 2-1: Called Strike 2-2: Ball 3-2: Foul Ball, location: 2F 3-2: Foul Ball, location: 2F 3-2: Foul Ball, location: 2F 3-2: Base on Balls
|
Batting: RHB David Barker
|
0-0: Called Strike 0-1: Fielders Choice at 2nd, 6-4 (Groundball, 6)
|
Bottom of the 4th over - 0 run(s), 0 hit(s), 0 error(s), 0 left on base; Pensacola 5 - Kenosha 1 |
TOP OF THE 5TH |
Pensacola Pilots batting - Pitching for Kenosha Kingfish : RHP Doug Scott
|
Pitching: RHP Augusto Ruíz
|
|
Batting: RHB Jesús García
|
0-0: Swinging Strike 0-1: Swinging Strike 0-2: Strikes out swinging
|
Batting: RHB Leopoldo Horgan
|
0-0: Ball 1-0: Ball 2-0: Swinging Strike 2-1: Called Strike 2-2: Strikes out swinging
|
Batting: LHB Ricardo García
|
0-0: Ball 1-0: Ball 2-0: Called Strike 2-1: Ball 3-1: Base on Balls
|
Batting: LHB Weston Chaney
|
0-0: Ball 1-0: Foul Ball, location: 2F 1-1: Ball 2-1: Called Strike Ricardo García steals 2nd base 2-2: Foul Ball, location: 2F 2-2: Foul Ball, location: 2F 2-2: Strikes out swinging
|
Top of the 5th over - 0 run(s), 0 hit(s), 0 error(s), 1 left on base; Pensacola 5 - Kenosha 1 |
BOTTOM OF THE 5TH |
Kenosha Kingfish batting - Pitching for Pensacola Pilots : LHP Mario Galván
|
Batting: SHB Júlio Valentín
|
0-0: Ball 1-0: Ball 2-0: Called Strike 2-1: Ball 3-1: Swinging Strike 3-2: DOUBLE (Line Drive, 7LM)
|
Batting: LHB Dusty Wilson
|
0-0: Called Strike 0-1: Ball 1-1: Reached on error, E4 (Groundball, 4) Júlio Valentín scores
|
Batting: RHB Tommy Davenport
|
0-0: Ball 1-0: Swinging Strike 1-1: Foul Ball, location: 2F 1-2: Foul Ball, location: 2F 1-2: Foul Ball, location: 2F 1-2: Fly out, F9 (Flyball, 9LSF)
|
Batting: RHB Bob Lee
|
0-0: Called Strike 0-1: Foul Ball, location: 2F 0-2: Strikes out swinging, 2-3 out at first.
|
Batting: RHB Eugene Williams
|
0-0: Ball 1-0: Ball 2-0: Called Strike 2-1: Fly out, F9 (Flyball, 9LS)
|
Bottom of the 5th over - 1 run(s), 1 hit(s), 1 error(s), 1 left on base; Pensacola 5 - Kenosha 2 |
TOP OF THE 6TH |
Pensacola Pilots batting - Pitching for Kenosha Kingfish : RHP Augusto Ruíz
|
Batting: LHB Armando Domínguez
|
0-0: Ball 1-0: Ball 2-0: Ball 3-0: Foul Ball, location: 2F 3-1: Base on Balls
|
Batting: RHB Roberto Gómez
|
0-0: Ball Error on foul ball, E7 1-1: Ball 2-1: Foul Ball, location: 2F 2-2: Strikes out swinging
|
Batting: LHB Pedro Ramos
|
0-0: Ball 1-0: Ball 2-0: DOUBLE (Flyball, 7D) Armando Domínguez to third Runner from 3rd tries for Home, SAFE, no throw
|
Batting: LHB Nick Gamble
|
0-0: Intentional Walk
|
Batting: RHB Ángel López
|
0-0: Ball Pedro Ramos is caught stealing 3rd base Nick Gamble to second 1-0: Ball 2-0: Foul Ball, location: 2F 2-1: Swinging Strike 2-2: SINGLE (Groundball, 6MD) Nick Gamble to third Runner from 3rd tries for Home, SAFE, no throw
|
Pitching: RHP Terry Crum
|
|
Batting: RHB Jesús García
|
0-0: Called Strike 0-1: Foul Ball, location: 2F 0-2: Strikes out looking
|
Top of the 6th over - 2 run(s), 2 hit(s), 1 error(s), 1 left on base; Pensacola 7 - Kenosha 2 |
BOTTOM OF THE 6TH |
Kenosha Kingfish batting - Pitching for Pensacola Pilots : LHP Mario Galván
|
Batting: RHB Manuel Gómez
|
0-0: Ball 1-0: SINGLE (Line Drive, 78S)
|
Batting: LHB Jon Quinn
|
0-0: Called Strike Manuel Gómez steals 2nd base 0-1: Called Strike 0-2: Ball 1-2: Ball 2-2: Foul Ball, location: 2F 2-2: Strikes out swinging
|
Batting: SHB Devin Smith
|
0-0: Called Strike 0-1: Ball 1-1: Foul Ball, location: 2F 1-2: Ball 2-2: Ground out 3-1 (Groundball, 34S) Manuel Gómez to third
|
Batting: RHB David Barker
|
0-0: Called Strike 0-1: Ground out 5-3 (Groundball, 56)
|
Bottom of the 6th over - 0 run(s), 1 hit(s), 0 error(s), 1 left on base; Pensacola 7 - Kenosha 2 |
TOP OF THE 7TH |
Pensacola Pilots batting - Pitching for Kenosha Kingfish : RHP Terry Crum
|
Batting: RHB Leopoldo Horgan
|
0-0: Fly out, F8 (Flyball, 8LM)
|
Batting: LHB Ricardo García
|
0-0: Called Strike 0-1: Swinging Strike 0-2: Strikes out looking
|
Batting: LHB Weston Chaney
|
0-0: Ball 1-0: Foul Ball, location: 2F 1-1: Swinging Strike 1-2: Strikes out swinging
|
Top of the 7th over - 0 run(s), 0 hit(s), 0 error(s), 0 left on base; Pensacola 7 - Kenosha 2 |
BOTTOM OF THE 7TH |
Kenosha Kingfish batting - Pitching for Pensacola Pilots : LHP Mario Galván
|
Batting: SHB Júlio Valentín
|
0-0: Fly out, F5 (Popup, 5S)
|
Batting: LHB Dusty Wilson
|
0-0: Ball 1-0: Called Strike 1-1: Called Strike 1-2: Strikes out swinging
|
Batting: RHB Tommy Davenport
|
0-0: Called Strike 0-1: Foul Ball, location: 2F 0-2: Ball 1-2: Ball 2-2: Foul Ball, location: 2F 2-2: Foul Ball, location: 2F 2-2: SINGLE (Line Drive, 4MD)
|
Batting: RHB Bob Lee
|
0-0: Ball 1-0: Fly out, F7 (Line Drive, 7)
|
Bottom of the 7th over - 0 run(s), 1 hit(s), 0 error(s), 1 left on base; Pensacola 7 - Kenosha 2 |
TOP OF THE 8TH |
Pensacola Pilots batting - Pitching for Kenosha Kingfish : RHP Terry Crum
|
Batting: LHB Armando Domínguez
|
0-0: Called Strike 0-1: Ball 1-1: Ball 2-1: SINGLE (Line Drive, 89S)
|
Batting: RHB Roberto Gómez
|
0-0: Ball 1-0: Ball Armando Domínguez steals 2nd base 2-0: Foul Ball, location: 2F 2-1: Reached on error, E5 (Groundball, 56S) Armando Domínguez to third
|
Batting: LHB Pedro Ramos
|
0-0: Swinging Strike 0-1: Ball 1-1: Fielders Choice at 2nd, 6-4 (Groundball, 6M) Armando Domínguez scores
|
Batting: LHB Nick Gamble
|
0-0: Called Strike 0-1: Foul Ball, location: 2F 0-2: Ball 1-2: Strikes out swinging
|
Batting: RHB Ángel López
|
0-0: Foul Ball, location: 2F 0-1: Ball 1-1: Foul Ball, location: 2F 1-2: 2-RUN HOME RUN (Flyball, 8LXD), Distance : 446 ft
|
Pitching: RHP Bo Adams
|
|
Batting: RHB Jesús García
|
0-0: Ball 1-0: Foul Ball, location: 2F 1-1: Foul Ball, location: 2F 1-2: Strikes out swinging
|
Top of the 8th over - 3 run(s), 2 hit(s), 1 error(s), 0 left on base; Pensacola 10 - Kenosha 2 |
BOTTOM OF THE 8TH |
Kenosha Kingfish batting - Pitching for Pensacola Pilots : LHP Mario Galván
|
Now in LF: José Cordero
|
|
Batting: RHB Eugene Williams
|
0-0: Foul Ball, location: 2F 0-1: Foul Ball, location: 2F 0-2: Ball 1-2: Ball 2-2: SOLO HOME RUN (Flyball, 7D), Distance : 386 ft
|
Pitching: RHP Jesús Núńez
|
|
Batting: RHB Manuel Gómez
|
0-0: SINGLE (Groundball, 56D)
|
Batting: LHB Jon Quinn
|
0-0: DOUBLE (Flyball, 8LD) Manuel Gómez to third Runner from 3rd tries for Home, SAFE, no throw
|
Batting: SHB Devin Smith
|
0-0: Swinging Strike 0-1: Ball 1-1: Called Strike 1-2: Ball 2-2: Ground out 4-3 (Groundball, 34D) Jon Quinn to third
|
Batting: RHB David Barker
|
0-0: Swinging Strike 0-1: Ground out 4-3 (Groundball, 4M) Jon Quinn scores
|
Batting: SHB Júlio Valentín
|
0-0: Foul Ball, location: 2F 0-1: Ball 1-1: Ball 2-1: Swinging Strike 2-2: Ball 3-2: Foul Ball, location: 2F 3-2: Foul Ball, location: 2F 3-2: Base on Balls
|
Pitching: RHP Manuel Valdés
|
|
Batting: LHB Dusty Wilson
|
0-0: Ball 1-0: Called Strike 1-1: DOUBLE (Line Drive, 78M) Júlio Valentín to third Runner from 3rd tries for Home, SAFE, no throw
|
Batting: RHB Tommy Davenport
|
0-0: Ball 1-0: Fly out, F8 (Flyball, 8RD)
|
Bottom of the 8th over - 4 run(s), 4 hit(s), 0 error(s), 1 left on base; Pensacola 10 - Kenosha 6 |
TOP OF THE 9TH |
Pensacola Pilots batting - Pitching for Kenosha Kingfish : RHP Bo Adams
|
Batting: RHB Leopoldo Horgan
|
0-0: Ball 1-0: Foul Ball, location: 2F 1-1: Called Strike 1-2: Foul Ball, location: 2F 1-2: Strikes out swinging
|
Batting: LHB Ricardo García
|
0-0: Ball 1-0: Ball 2-0: Foul Ball, location: 2F 2-1: Ball 3-1: Base on Balls
|
Batting: LHB Weston Chaney
|
0-0: Ball 1-0: Called Strike 1-1: Called Strike 1-2: Strikes out swinging
|
Batting: LHB Armando Domínguez
|
Pickoff Throw to First - Error! E1 Ricardo García to second 0-0: Ball 1-0: Called Strike 1-1: Foul Ball, location: 2F 1-2: Ball 2-2: Ball 3-2: Fly out, F8 (Flyball, 8LXD)
|
Top of the 9th over - 0 run(s), 0 hit(s), 1 error(s), 1 left on base; Pensacola 10 - Kenosha 6 |
BOTTOM OF THE 9TH |
Kenosha Kingfish batting - Pitching for Pensacola Pilots : RHP Manuel Valdés
|
Batting: RHB Bob Lee
|
0-0: Ball 1-0: Ball 2-0: Called Strike 2-1: Ball 3-1: Called Strike 3-2: Fly out, F9 (Flyball, 89M)
|
Batting: RHB Eugene Williams
|
0-0: Fly out, F9 (Flyball, 9S)
|
Batting: RHB Manuel Gómez
|
0-0: Foul Ball, location: 2F 0-1: Ball 1-1: Ball 2-1: Foul Ball, location: 2F 2-2: Foul Ball, location: 2F 2-2: Foul Ball, location: 2F 2-2: Ball 3-2: DOUBLE (Line Drive, 7LS)
|
Batting: LHB Jon Quinn
|
0-0: Foul Ball, location: 2F 0-1: Ball 1-1: Ball 2-1: Swinging Strike 2-2: Ball 3-2: Base on Balls
|
Batting: SHB Devin Smith
|
0-0: Swinging Strike 0-1: Swinging Strike 0-2: Foul Ball, location: 2F 0-2: Ball 1-2: Ball 2-2: Ball 3-2: Ground out 5-3 (Groundball, 56)
|
Bottom of the 9th over - 0 run(s), 1 hit(s), 0 error(s), 2 left on base; Pensacola 10 - Kenosha 6 |
|